 Dungeon Crawl Stone Soup version 0.19.1 (webtiles) character file.

17630 Mefis the Thaumaturge (level 12, -4/60 HPs)
             Began as a Deep Elf Wizard on Dec 18, 2016.
             Was a High Priest of Sif Muna.
             Slain by an eight-headed hydra (9 damage)
             ... on level 1 of the Lair of Beasts on Dec 19, 2016.
             The game lasted 01:06:15 (21057 turns).

Mefis the Thaumaturge (Deep Elf Wizard)            Turns: 21057, Time: 01:06:16

Health: -4/60      AC:  9    Str:  8    XL:     12   Next: 20%
Magic:  38/38      EV: 17    Int: 29    God:    Sif Muna [*****.]
Gold:   817        SH:  8    Dex: 15    Spells: 12 memorised, 0 levels left

rFire  . . .     SeeInvis .     a - +0 trident (venom)
rCold  . . .     Gourm    .     t - +2 robe {rN+}
rNeg   + . .     Faith    .     j - +0 buckler
rPois  .         Spirit   .     Y - +1 helmet
rElec  .         Reflect  +     e - +0 cloak
rCorr  .         Harm     .     (no gloves)
MR     ++...                    L - +1 pair of boots
Stlth  ++++......               S - amulet of Cudamong {Reflect Str+4 Dex+2 SH+3}
                                X - ring of magical power
                                x - ring of protection from magic

@: repel missiles
A: no striking features
a: Divine Energy, Channel Magic, Forget Spell, Renounce Religion


You were on level 1 of the Lair of Beasts.
You worshipped Sif Muna.
Sif Muna was extremely pleased with you.
You were hungry.

You visited 3 branches of the dungeon, and saw 13 of its levels.

You collected 817 gold pieces.

Inventory:

Hand Weapons
 a - a +0 trident of venom (weapon)
 b - a +0 hunting sling
Missiles
 v - 117 sling bullets
Armour
 e - a +0 cloak (worn)
 j - a +0 buckler (worn)
 t - a +2 robe of positive energy (worn)
 L - a +1 pair of boots (worn)
 Y - a +1 helmet (worn)
Jewellery
 g - an uncursed ring of wizardry {unknown}
 x - a ring of protection from magic (left hand)
 S - the amulet of Cudamong (around neck) {Reflect Str+4 Dex+2 SH+3}
   (You took it off Duvessa on level 6 of the Dungeon)

   [amulet of reflection]

   It shields you and reflects attacks.
   It affects your strength (+4).
   It affects your dexterity (+2).
   It affects your SH (+3).
 X - a ring of magical power (right hand)
Wands
 i - a wand of confusion (40/48)
 F - a wand of acid (0/15)
Scrolls
 d - a scroll of teleportation
 r - 2 scrolls of recharging
 B - 4 scrolls of fog
 G - 2 scrolls of remove curse
 Z - a scroll of blinking
Potions
 f - 3 potions of ambrosia
 k - 2 potions of flight
 l - a potion of curing
 m - 4 potions of brilliance
 s - 2 potions of agility
 H - a potion of haste
 I - 3 potions of cancellation
Comestibles
 p - 5 meat rations
 q - 2 slices of pizza
 A - 2 bread rations
 Q - 7 beef jerkies
 T - 17 royal jellies


   Skills:
 + Level 0.7 Fighting
 + Level 7.6 Dodging
 - Level 7.7 Stealth
 + Level 4.4 Shields
 * Level 11.8 Spellcasting
 + Level 6.8 Conjurations
 - Level 7.2 Hexes
 - Level 1.1 Summonings
 + Level 0.8 Necromancy
 - Level 1.1 Translocations
 + Level 8.4 Fire Magic
 - Level 6.1 Air Magic
 - Level 5.9 Poison Magic
 + Level 4.8 Invocations
 + Level 4.0 Evocations


You couldn't memorise any spells.
You knew the following spells:

 Your Spells              Type           Power        Failure   Level  Hunger
a - Magic Dart            Conj           ####         1%          1    None
b - Call Imp              Summ           ###.....     2%          2    None
c - Blink                 Tloc           N/A          2%          2    None
d - Bolt of Draining      Conj/Necr      #####.....   21%         5    ##.....
e - Mephitic Cloud        Conj/Pois/Air  ######..     1%          3    None
f - Fireball              Conj/Fire      ######....   4%          5    ##.....
g - Slow                  Hex            ######..     1%          2    None
h - Inner Flame           Hex/Fire       ######..     1%          3    None
p - Repel Missiles        Chrm/Air       #####.       1%          2    None
s - Throw Flame           Conj/Fire      ######       1%          2    None
A - Sticky Flame          Conj/Fire      ######..     1%          4    None
F - Conjure Flame         Conj/Fire      ######..     1%          3    None


Dungeon Overview and Level Annotations

Branches:
Dungeon (11/15)            Temple (1/1) D:4            Lair (1/6) D:11
    Orc: D:9-12

Altars:
Ashenzari
Cheibriados
Dithmenos
Elyvilon
Fedhas
Gozag
Hepliaklqana
Kikubaaqudgha
Makhleb
Nemelex Xobeh
Okawaru
Qazlal
Ru
Sif Muna
Trog
Uskayaw
Vehumet
Xom
Yredelemnul
Zin
The Shining One

Annotations:
D:3 Philosophy's ghost, amateur FoFi


Message History

All of the chunks of flesh in your inventory have rotted away.
Magic restored.
You start waiting.
You are feeling hungry.
You climb downwards.
Welcome to the Lair of Beasts!
You block the eight-headed hydra's attack.
The eight-headed hydra barely misses you.
The eight-headed hydra bites you.
The eight-headed hydra completely misses you.
The eight-headed hydra closely misses you.
The eight-headed hydra bites you.
The eight-headed hydra barely misses you.
The eight-headed hydra bites you. x2
The eight-headed hydra bites you but does no damage.
The eight-headed hydra misses you. The eight-headed hydra bites you! x3
* * * LOW HITPOINT WARNING * * *
The eight-headed hydra bites you!
* * * LOW HITPOINT WARNING * * *
The eight-headed hydra bites you!
You die...

#### ###
###..########.############
#.....=!/.................
##......D...(.......).....
#.....:.@................
##...............(........
#P......).................
##........................
#......###.###########P##
#......##### ### #......P#
#......## #......#


You could see an eight-headed hydra.

Vanquished Creatures
  A hydra (Lair:1)
  Erica (D:8)
  An unseen horror (D:10)
  2 hill giants
  Pikel (D:6)
  An ugly thing (D:11)
  A black mamba (Lair:1)
  A spiny frog (Lair:1)
  Psyche (D:8)
  A komodo dragon (Lair:1)
  6 trolls
  Grinder (D:5)
  A meliai zombie (D:11)
  2 hippogriffs
  15 yaks
  Sigmund (D:6)
  A vampire (D:9)
  A wyvern (D:8)
  Menkaure (D:6)
  2 soldier ants
  Duvessa (D:6)
  A water moccasin (Lair:1)
  A porcupine (Lair:1)
  5 ice beasts
  2 phantoms
  2 orc warriors (D:6)
  4 black bears
  3 sky beasts
  8 ogres
  8 centaurs
  4 crocodiles
  7 bullfrogs
  Dowan (D:6)
  2 scorpions
  27 killer bees
  9 wights
  4 howler monkeys
  5 crimson imps
  4 jellies
  2 centaur zombies
  8 orc priests
  2 hounds
  10 orc wizards
  2 centaur skeletons
  2 iguanas
  2 bullfrog skeletons
  9 worker ants
  4 hound skeletons
  3 worker ant zombies
  4 adders
  11 gnolls
  2 shadow imps
  An adder zombie (D:5)
  3 worms
  3 dart slugs
  9 leopard geckos
  35 orcs
  A ball python (D:3)
  10 bats
  6 giant cockroaches
  24 goblins
  26 hobgoblins
  13 jackals
  14 frilled lizards
  12 kobolds
  A leopard gecko zombie (D:6)
  A quokka skeleton (D:7)
  8 rats
368 creatures vanquished.

Vanquished Creatures (collateral kills)
  A centaur (D:5)
  A scorpion (D:5)
  A killer bee (D:10)
  A worker ant (D:10)
  An orc wizard (D:4)
  3 gnolls (D:4)
  2 adders
  7 orcs
  4 hobgoblins (D:4)
  A quokka (D:4)
  A goblin (D:4)
  A quokka skeleton (D:5)
24 creatures vanquished.

Vanquished Creatures (others)
  A soldier ant (D:9)
  A slave (D:6)
  3 centaurs
  A killer bee (D:10)
  An iguana (D:6)
  3 fungi (Lair:1)
  A plant (Lair:1)
11 creatures vanquished.

Grand Total: 403 creatures vanquished

Notes
Turn   | Place    | Note
-------+----------+-------------------------------------------
     0 | D:1      | Mefis the Deep Elf Wizard began the quest for the Orb.
     0 | D:1      | Reached XP level 1. HP: 10/10 MP: 7/7
   234 | D:1      | Reached XP level 2. HP: 15/15 MP: 5/9
   238 | D:1      | Learned a level 2 spell: Call Imp
   241 | D:1      | Learned a level 2 spell: Blink
   244 | D:1      | Learned a level 2 spell: Repel Missiles
   710 | D:1      | You fall through a shaft!
   898 | D:2      | Reached XP level 3. HP: 19/19 MP: 8/11
   903 | D:2      | Learned a level 3 spell: Mephitic Cloud
  1326 | D:1      | Reached skill level 5 in Spellcasting
  2114 | D:2      | Reached XP level 4. HP: 21/24 MP: 2/13
  2679 | D:3      | Found a faded altar of an unknown god.
  2691 | D:3      | Noticed Philosophy's ghost (amateur FoFi)
  2703 | D:4      | Found a staircase to the Ecumenical Temple.
  2717 | Temple   | Entered the Ecumenical Temple
  2813 | Temple   | Became a worshipper of Sif Muna the Loreminder
  3420 | Temple   | Reached skill level 1 in Air Magic
  3737 | D:4      | Reached skill level 1 in Shields
  3943 | D:4      | Reached skill level 1 in Poison Magic
  3986 | D:3      | Learned a level 3 spell: Conjure Flame
  4072 | D:3      | HP: 1/24 [orc (3)]
  4072 | D:3      | Reached XP level 5. HP: 2/28 MP: 1/15
  4076 | D:3      | Learned a level 2 spell: Slow
  4664 | D:3      | Reached skill level 1 in Hexes
  5407 | D:3      | You fall through a shaft for 2 floors!
  5407 | D:5      | Entered Level 5 of the Dungeon
  5487 | D:5      | Noticed a centaur
  5500 | D:5      | Reached skill level 6 in Spellcasting
  5512 | D:5      | Killed a centaur
  5512 | D:5      | Reached * piety under Sif Muna
  5512 | D:5      | Reached XP level 6. HP: 32/32 MP: 5/17
  5519 | D:5      | Noticed Grinder
  5623 | D:5      | Paralysed by Grinder for 2 turns
  5958 | D:4      | Found a shimmering altar of Xom.
  5958 | D:4      | Found a shimmering altar of Xom.
  6563 | D:4      | Found a shimmering altar of Xom.
  6969 | D:4      | Reached XP level 7. HP: 36/36 MP: 8/19
  7328 | D:4      | Reached ** piety under Sif Muna
  7470 | D:4      | Reached skill level 7 in Spellcasting
  8392 | D:5      | Learned a level 2 spell: Throw Flame
  8396 | D:5      | Learned a level 3 spell: Inner Flame
  9002 | D:5      | Reached skill level 1 in Fire Magic
  9208 | D:4      | Reached XP level 8. HP: 41/41 MP: 10/21
  9281 | D:5      | Killed Grinder
  9281 | D:5      | Reached *** piety under Sif Muna
  9804 | D:6      | Noticed Sigmund
  9818 | D:6      | Killed Sigmund
  9946 | D:6      | Reached skill level 8 in Spellcasting
 10161 | D:6      | Noticed Dowan
 10166 | D:6      | Killed Dowan
 10313 | D:6      | Reached skill level 5 in Dodging
 10313 | D:6      | Reached skill level 5 in Stealth
 10449 | D:6      | Noticed Duvessa
 10888 | D:6      | Reached XP level 9. HP: 41/45 MP: 10/23
 10894 | D:6      | Learned a level 4 spell: Sticky Flame
 10944 | D:6      | Killed Duvessa
 10944 | D:6      | Reached **** piety under Sif Muna
 11060 | D:6      | Got a coiled diamond amulet
 11340 | D:6      | Noticed Menkaure
 11346 | D:6      | Killed Menkaure
 11358 | D:6      | Noticed Pikel
 11363 | D:6      | Killed Pikel
 11363 | D:6      | Reached skill level 9 in Spellcasting
 11363 | D:6      | Reached skill level 5 in Hexes
 11415 | D:6      | Noticed a hill giant
 11714 | D:6      | Identified the amulet of Cudamong {Reflect Str+4 Dex+2 SH+3} (You took it off Duvessa on level 6 of the Dungeon)
 11758 | D:6      | Killed a hill giant
 11758 | D:6      | Reached skill level 5 in Fire Magic
 12665 | D:7      | Reached XP level 10. HP: 50/50 MP: 3/25
 12684 | D:7      | Reached skill level 1 in Invocations
 12942 | D:7      | Reached skill level 5 in Conjurations
 13304 | D:7      | You fall through a shaft for 3 floors!
 13304 | D:10     | Entered Level 10 of the Dungeon
 13410 | D:10     | Reached skill level 10 in Spellcasting
 14085 | D:8      | Noticed Psyche
 14094 | D:8      | Killed Psyche
 14094 | D:8      | Reached skill level 1 in Evocations
 14290 | D:8      | Reached skill level 5 in Poison Magic
 14625 | D:8      | Noticed Erica
 14935 | D:8      | Killed Erica
 14935 | D:8      | Reached skill level 5 in Air Magic
 15998 | D:9      | Reached XP level 11. HP: 54/54 MP: 21/27
 16827 | D:9      | Reached ***** piety under Sif Muna
 17220 | D:9      | Reached skill level 11 in Spellcasting
 17225 | D:9      | Identified Sif Muna's Collected Works on Transmutation and Evil (Sif Muna gifted it to you on level 9 of the Dungeon)
 17225 | D:9      | Received a gift from Sif Muna
 17233 | D:9      | Learned a level 5 spell: Fireball
 17546 | D:10     | Noticed a hill giant
 17553 | D:10     | Killed a hill giant
 18308 | D:10     | Killed an unseen horror
 19708 | D:11     | Noticed a green ugly thing
 19713 | D:11     | Killed a green ugly thing
 19829 | D:11     | Found a staircase to the Lair.
 19891 | Lair:1   | Entered Level 1 of the Lair of Beasts
 19945 | Lair:1   | Noticed a six-headed hydra
 19988 | Lair:1   | Noticed an eight-headed hydra
 20091 | Lair:1   | Found a hide-covered altar of Uskayaw.
 20412 | Lair:1   | Reached XP level 12. HP: 56/59 MP: 28/29
 20515 | Lair:1   | Learned a level 5 spell: Bolt of Draining
 20537 | Lair:1   | Killed a six-headed hydra
 21057 | Lair:1   | Slain by an eight-headed hydra

Skill      XL: |  1  2  3  4  5  6  7  8  9 10 11 12 |
---------------+-------------------------------------+-----
Dodging        | 3 4 5 6 7 |  7.6
Conjurations   | 2 3 4 5 6 |  6.8
Spellcasting   | 5 6 7 8 9 10 11 | 11.8
Air Magic      | 1 2 3 4 5 6 |  6.1
Shields        | 1 2 3 4 |  4.4
Poison Magic   | 1 2 3 4 5 |  5.9
Hexes          | 1 2 3 4 5 6 7 |  7.2
Stealth        | 3 4 5 6 7 |  7.7
Fire Magic     | 1 3 5 6 8 |  8.4
Invocations    | 2 4 |  4.8
Evocations     | 2 3 4 |  4.0
Fighting       | |  0.7
Summonings     | |  1.1
Necromancy     | |  0.8
Translocations | |  1.1

Action                   |  1- 3 |  4- 6 |  7- 9 | 10-12 || total
-------------------------+-------+-------+-------+-------++-------
Melee: Dagger            |       |    38 |    10 |       ||    48
       Short sword       |       |       |       |    50 ||    50
       Trident           |       |       |       |    42 ||    42
 Fire: Hunting sling     |       |       |    19 |     3 ||    22
 Cast: Magic Dart        |   106 |   183 |   174 |    16 ||   479
       Repel Missiles    |     1 |     3 |     1 |     2 ||     7
       Mephitic Cloud    |       |    14 |    32 |    16 ||    62
       Call Imp          |       |    17 |    15 |     4 ||    36
       Blink             |       |     6 |     2 |    13 ||    21
       Conjure Flame     |       |     2 |     8 |     8 ||    18
       Throw Flame       |       |       |   172 |   371 ||   543
       Sticky Flame      |       |       |     3 |    47 ||    50
       Slow              |       |       |     1 |     8 ||     9
       Fireball          |       |       |       |     9 ||     9
       Inner Flame       |       |       |       |     4 ||     4
       Bolt of Draining  |       |       |       |     6 ||     6
Evoke: Wand              |       |       |       |     6 ||     6
  Use: Scroll            |       |     7 |     5 |    15 ||    27
       Potion            |       |     3 |     1 |     1 ||     5
 Stab: Distracted        |       |     1 |       |       ||     1
       Confused          |       |       |       |     2 ||     2
       Sleeping          |       |       |       |     1 ||     1
  Eat: Chunk             |     3 |     9 |    18 |    18 ||    48
       Bread ration      |       |     1 |       |     2 ||     3
       Beef jerky        |       |     1 |       |       ||     1
Armor: Robe              |     1 |    20 |     8 |    41 ||    70
Dodge: Dodged            |    18 |    86 |    29 |   112 ||   245
       Deflected         |     1 |    10 |     1 |    10 ||    22
Block: Buckler           |       |       |    16 |    81 ||    97
       Reflection        |       |       |     2 |    10 ||    12
